 Dungeon Crawl Stone Soup version 0.25.1-2-g60ff931df9 (webtiles) character file.

Game seed: 3912973704254761032

379 Cheops the Cleaver (level 6, -11/51 HPs)
             Began as a Hill Orc Fighter on Nov 3, 2020.
             Mangled by an ogre
             ... wielding a +0 giant spiked club
              (23 damage)
             ... on level 4 of the Dungeon.
             The game lasted 00:04:17 (3413 turns).

Cheops the Cleaver (Hill Orc Fighter)               Turns: 3413, Time: 00:04:17

Health: -11/51     AC: 12    Str: 21    XL:     6   Next: 74%
Magic:  0/6        EV:  5    Int:  8    God:
Gold:   262        SH:  9    Dex: 10    Spells: 5/5 levels left

rFire    . . .     SeeInvis .   a - +0 war axe
rCold    . . .     Gourm    .   c - +0 kite shield
rNeg     . . .     Faith    .   w - +0 chain mail
rPois    .         Spirit   +   (no helmet)
rElec    .         Reflect  .   x - +1 cloak
rCorr    .         Harm     .   z - +0 pair of gloves
MR       .....                  (no boots)
Stlth    ..........             h - amulet of guardian spirit
HPRegen  0.17/turn              (no ring)
MPRegen  0.10/turn              (no ring)

@: no status effects
A: no striking features
a: no special abilities


You were on level 4 of the Dungeon.
You were not hungry.

You visited 1 branch of the dungeon, and saw 4 of its levels.

You collected 262 gold pieces.

Inventory:

Hand Weapons
 a - a +0 war axe (weapon)
 u - a +2 whip of venom
 A - a +1 whip of electrocution
Armour
 b - a +0 scale mail
 c - a +0 kite shield (worn)
 w - a +0 chain mail (worn)
 x - a +1 cloak (worn)
 z - a +0 pair of gloves (worn)
Jewellery
 h - an amulet of guardian spirit (around neck)
 E - an uncursed ring of positive energy {unknown}
 F - a cursed ring of attention {unknown}
Wands
 y - a wand of flame (22)
Scrolls
 j - a scroll of fear {unknown}
 m - 2 scrolls of remove curse {unknown}
 n - 2 scrolls of noise {unknown}
 q - 2 scrolls of magic mapping {unknown}
 r - a scroll of identify {unknown}
 t - a scroll of enchant armour {unknown}
 v - a scroll of enchant weapon {unknown}
 B - a scroll of amnesia {unknown}
 C - a scroll of teleportation {unknown}
 D - a scroll of random uselessness {unknown}
Potions
 d - a potion of might
 e - a potion of curing {unknown}
 g - a potion of degeneration {unknown}
 i - a potion of mutation {unknown}
 k - a potion of stabbing {unknown}
 l - a potion of lignification {unknown}
 o - a potion of heal wounds {unknown}
 p - a potion of flight {unknown}
 s - a potion of magic {unknown}
 G - a potion of cancellation {unknown}
Comestibles
 f - 8 rations


   Skills:
 - Level 3.6 Fighting
 + Level 9.2 Axes
 - Level 3.2 Armour
 - Level 3.2 Shields


You had 5 spell levels left.
You didn't know any spells.
Your spell library was empty.

Dungeon Overview and Level Annotations

Branches:
Dungeon (4/15)
 Temple: D:4-7

Altars:
Vehumet


Message History

An ogre comes into view. It is wielding a +0 giant spiked club.
The ogre shouts!
An ogre is nearby!
An ogre is nearby!
An ogre is nearby!
The ogre hits you with a +0 giant spiked club!!
You are too injured to fight recklessly!
An ogre is nearby!
You closely miss the ogre.
The ogre hits you with a +0 giant spiked club.
* * * LOW HITPOINT WARNING * * *
You barely miss the ogre.
The ogre hits you with a +0 giant spiked club!
* * * LOW HITPOINT WARNING * * *
You slash the ogre!
The ogre is moderately wounded.
You barely miss the ogre.
The ogre is moderately wounded.
The ogre hits you with a +0 giant spiked club!!
You die...

##### #...##########
#######...##.......####.
................@O.......
..........##.#####.###..#
### ..........##.# # #..#
#.. ..........##.# #..#
#.# ..........##.# #..#
#.#### ..).......##.#
##..####.#...
######...)....
#............ #.....#.. .
#............
######.....#
....###............


You could see an ogre.

Vanquished Creatures
  Eustachio (D:4)
  A scorpion (D:4)
  A hound (D:4)
  An orc priest (D:3)
  An orc wizard (D:3)
  2 adders (D:2)
  An ooze (D:3)
  3 worms
  A dart slug (D:2)
  3 leopard geckos
  7 orcs (D:3)
  3 ball pythons
  3 giant cockroaches
  5 goblins
  7 hobgoblins
  4 jackals (D:3)
  A quokka (D:2)
  6 bats
  3 frilled lizards (D:3)
  12 kobolds
  6 rats
72 creatures vanquished.

Notes
Turn   | Place    | Note
-------+----------+-------------------------------------------
     0 | D:1      | Cheops the Hill Orc Fighter began the quest for the Orb.
     0 | D:1      | Reached XP level 1. HP: 19/19 MP: 1/1
    19 | D:1      | Reached skill level 3 in Axes
   228 | D:1      | Reached XP level 2. HP: 26/26 MP: 2/2
   458 | D:1      | Reached skill level 4 in Axes
   916 | D:2      | Reached XP level 3. HP: 31/31 MP: 3/3
   971 | D:2      | Reached skill level 5 in Axes
  1598 | D:2      | Reached XP level 4. HP: 39/39 MP: 4/4
  1727 | D:3      | Reached skill level 6 in Axes
  1731 | D:3      | HP: 9/39 [something/puff of frost (8)]
  1735 | D:3      | HP: 4/39 [something (1)]
  1736 | D:3      | Reached XP level 5. HP: 5/45 MP: 2/5
  2100 | D:3      | Reached skill level 7 in Axes
  2849 | D:4      | Found a radiant altar of Vehumet.
  2960 | D:4      | Noticed Eustachio
  2977 | D:4      | Killed Eustachio
  2977 | D:4      | Reached skill level 8 in Axes
  2977 | D:4      | Reached XP level 6. HP: 41/51 MP: 4/6
  3222 | D:4      | Reached skill level 9 in Axes
  3411 | D:4      | HP: 11/51 [ogre/+0 giant spiked club (12)]
  3413 | D:4      | Mangled by an ogre

Illustrated notes

Levels and vault maps discovered:
D:1:      roderic_chinese_lattice_arrival, layout_basic,
          minmay_misc_feat_encased, minmay_cupped
D:2:      layout_rooms, serial_bayou_pond_e
D:3:      layout_basic
D:4:      layout_basic, nicolae_overflow_hidden_temple, first_ration,
          vehumet_altar_wand_db, uniq_eustachio

Skill      XL: |  1  2  3  4  5  6 |
---------------+-------------------+-----
Axes           | 3 4 5 6 8 9 |  9.2
Fighting       | |  3.6
Armour         | |  3.2
Shields        | |  3.2

Action                   |  1- 3 |  4- 6 || total
-------------------------+-------+-------++-------
Melee: War axe           |   135 |   129 ||   264
  Eat: Chunk             |     2 |     6 ||     8
Armor: Scale mail        |    69 |    41 ||   110
       Chain mail        |       |    17 ||    17
Dodge: Dodged            |    37 |    35 ||    72
Block: Kite shield       |    85 |    68 ||   153
